Map: Catalyst LE

Players

Dark - Winner!

  • Race: Zerg Zerg
  • Spawn Location: 11:00

Hurricane

  • Race: Protoss Protoss
  • Spawn Location: 5:00

Event: IEM Season 12 - Katowice

VOD

Have the link to the VOD?

Description

Time

  • Played on: March 1, 2018, 10:54 a.m.
  • Length: 5:00

All games in this series

Show
View Real Time Build Order
Export as new Build Order

Dark Zerg - Winner!

Build Orders: Hatch First 

Get SALT Encoding   

  12  0:00  Drone  
  13  0:12  Overlord  
  13  0:17  Drone  
  14  0:31  Drone x2  
  14  0:34  Drone  
  17  0:51  Hatchery  
  17  0:54  Drone  
  17  0:59  Drone  
  18  1:08  Extractor  
  17  1:13  Spawning Pool  
  17  1:18  Drone  
  17  1:20  Drone  
  18  1:28  Drone  
  19  1:39  Drone  
  20  1:54  Hatchery  
  19  1:58  Drone  
  20  2:03  Queen  
  20  2:04  Drone  
  20  2:07  Zergling x2  
  24  2:13  Metabolic Boost  
  24  2:16  Drone  
  25  2:25  Overlord  
  25  2:27  Drone  
  25  2:29  Drone  
  27  2:39  Roach Warren  
  27  2:40  Drone  
  27  2:43  Zergling x2  
  28  2:45  Zergling x2  
  29  2:52  Zergling x2  
  30  2:59  Overlord  
  30  3:10  Evolution Chamber  
  29  3:19  Roach x5  
  39  3:22  Roach  
  39  3:25  Roach  
  43  3:29  Roach  
  45  3:36  Roach  
  47  3:41  Overlord  
  47  3:45  Zergling x4  
  47  3:47  Zergling x2  
  49  3:59  Overlord  
  49  4:01  Zergling x6  
  50  4:10  Zergling x8  
  54  4:23  Ravager  
  55  4:27  Zergling x8  
  55  4:29  Zergling x2  
  55  4:30  Zergling x2  
  51  4:40  Zergling x2  
Show
View Real Time Build Order
Export as new Build Order

Hurricane Protoss 

Build Orders: Nexus First, Oracle Opening, Phoenix Opening 

Get SALT Encoding   

  12  0:00  Probe  
  13  0:12  Probe  
  14  0:18  Pylon  
  14  0:24  Probe  
  15  0:36  Probe  
  16  0:49  Probe  
  17  0:59  Nexus  
  17  1:03  Probe  
  18  1:13  Gateway  
  18  1:16  Probe (Chrono Boost)  
  19  1:20  Assimilator  
  19  1:25  Probe (Chrono Boost)  
  20  1:29  Assimilator  
  20  1:30  Probe (Chrono Boost)  
  21  1:42  Probe  
  21  1:46  Gateway  
  22  1:54  Probe  
  22  1:57  Gateway  
  22  2:00  Cybernetics Core  
  23  2:11  Probe (Chrono Boost)  
  27  2:17  Probe (Chrono Boost)  
  27  2:21  Probe (Chrono Boost)  
  28  2:25  Probe (Chrono Boost)  
  28  2:26  Probe (Chrono Boost)  
  30  2:35  Adept x2 (Chrono Boost), Probe  
  33  2:38  Probe, Warp Gate  
  34  2:44  Stargate  
  34  2:50  Probe  
  36  2:52  Pylon  
  36  2:53  Probe  
  36  3:00  Adept  
  38  3:10  Probe x2, Adept  
  42  3:13  Pylon  
  42  3:22  Probe x2  
  44  3:29  Phoenix (Chrono Boost)  
  46  3:34  Probe x2  
  48  3:46  Probe  
  48  3:47  Oracle (Chrono Boost)  
  49  3:49  Probe  
  49  3:52  Pylon  
  53  3:58  Shield Battery  
  53  4:00  Pylon  
  53  4:03  Probe  
  53  4:05  Assimilator  
  53  4:07  Assimilator  
  54  4:10  Probe, Adept x2 (Chrono Boost)  
  54  4:13  Robotics Facility  
  57  4:27  Shield Battery x2  
  41  4:40  Zealot  
  41  4:41  Stalker  

Tags
 
Add a new tag
Caveats
  • Supply blocks, unpowered buildings, or Contaminate may cause inaccurate times.
  • Supply counts are checked every 10 seconds.